 Dungeon Crawl Stone Soup version 0.28.0-43-g3370ac3207 (webtiles) character file.

Game seed: 9640947376265465496

17 nickcage the Conjurer (level 2, -3/20 HPs)
             Began as a Draconian Conjurer on Mar 28, 2022.
             Frozen to death by an endoplasm (5 damage)
             ... on level 1 of the Dungeon.
             The game lasted 00:01:38 (1043 turns).

nickcage the Conjurer (Draconian Conjurer)          Turns: 1043, Time: 00:01:38

Health: -3/20      AC:  4    Str:  9    XL:     2   Next: 44%
Magic:  9/14       EV: 12    Int: 18    God:
Gold:   24         SH:  0    Dex:  9    Spells: 4/5 levels left

rFire   . . .      SeeInvis .   b - +0 dagger
rCold   . . .      Faith    .   (no shield)
rNeg    . . .      Spirit   .   (armour unavailable)
rPois   .          Reflect  .   (helmet restricted)
rElec   .          Harm     .   (no cloak)
rCorr   .          Rampage  .   (no gloves)
Will    .....                   (no boots)
Stlth   ++........              (no amulet)
HPRegen 0.06/turn               d - ring of magical power
MPRegen 0.14/turn               (no ring)

@: very slightly contaminated
A: AC +4, unfitting armour, cold-blooded
a: no special abilities


You were on level 1 of the Dungeon.
You visited 1 branch of the dungeon, and saw 2 of its levels.

You collected 24 gold pieces.

Inventory:

Hand Weapons
 b - a +0 dagger (weapon)
Jewellery
 d - a ring of magical power (left hand)
Scrolls
 a - a scroll of acquirement {unknown}
 e - a scroll of blinking {unknown}
 g - a scroll of teleportation {unknown}
Potions
 c - a potion of curing {unknown}
 f - a potion of haste {unknown}


   Skills:
 - Level 1.7 Dodging
 - Level 1.7 Stealth
 - Level 2.0 Spellcasting
 + Level 4.7 Conjurations


You had 4 spell levels left.
You knew the following spells:

 Your Spells              Type           Power      Damage    Failure   Level
a - Magic Dart            Conj           72%        1d6       2%          1

Your spell library contained the following spells:

 Spells                   Type           Power      Damage    Failure   Level
 Searing Ray              Conj           36%        2d5       4%          2
 Dazzling Flash           Conj/Hex       20%        N/A       21%         3
 Fulminant Prism          Conj/Hex       5%         3d7       56%         4
 Iskenderun's Mystic Bla  Conj/Tloc      10%        2d4       56%         4


Dungeon Overview and Level Annotations

Branches:
Dungeon (2/15)

Altars:


Innate Abilities, Weirdness & Mutations

Your plain brown scales are hard. (AC +4)
You cannot fit into any form of body armour.
You are cold-blooded and may be slowed by cold attacks.


Message History

You are too injured to fight recklessly!
Aiming: Magic Dart (safe; 2% risk of failure)
Press: ? - help, Q - select action Shift-Dir - straight line, f/p - adder
Aim: an adder (lightly wounded, 100% to hit)
The magic dart hits the adder.
The adder is severely wounded.
The adder completely misses you.
The kobold hits you with a +0 short sword.
The endoplasm hits you but does no damage.
The adder bites you but does no damage.
Aiming: Magic Dart (safe; 2% risk of failure)
Press: ? - help, Q - select action Shift-Dir - straight line, f/p - adder
Aim: an adder (severely wounded, 100% to hit)
You miscast Magic Dart.
You are very lightly contaminated with residual magic.
Nothing appears to happen.
The kobold hits you with a +0 short sword.
* * * LOW HITPOINT WARNING * * *
The adder bites you but does no damage. The endoplasm freezes you.
You are frozen.
* * * LOW HITPOINT WARNING * * *
Aiming: Magic Dart (safe; 2% risk of failure)
Press: ? - help, Q - select action Shift-Dir - straight line, f/p - adder
Aim: an adder (severely wounded, 100% to hit)
The magic dart hits the adder.
The adder is almost dead.
The adder misses you.
The kobold hits you with a +0 short sword.
* * * LOW HITPOINT WARNING * * *
The endoplasm hits you but does no damage.
Aiming: Magic Dart (safe; 2% risk of failure)
Press: ? - help, Q - select action Shift-Dir - straight line, f/p - adder
Aim: an adder (almost dead, 100% to hit)
The magic dart hits the adder.
You kill the adder!
The kobold hits you but does no damage. The endoplasm freezes you.
You are frozen.
You die...

#.'.'..#.# #...# #.###..#.#
#...# #.#....#.# #...#
#.#.####.# ##.###########
#.#.####.# #.........(..#
#.#......# #..#########.#
..############..# #.#
###..........#.K#########.#
#.########(#.J@)........#
###.# #.#.############
..#.# #.#.#
#.#.########.#.#
..#.#....#...#.#
###.#.##.#.###.#
....#..#.#.# #.#
######.#.#.# #.#
.........#.# #.#


You could see an endoplasm and a kobold.

Vanquished Creatures
  An adder (D:1)
  A bat (D:1)
  A giant cockroach (D:1)
  3 hobgoblins (D:1)
  4 jackals
  A quokka (D:1)
  2 ball pythons (D:1)
  2 goblins (D:1)
15 creatures vanquished.

Notes
Turn   | Place    | Note
-------+----------+-------------------------------------------
     0 | D:1      | nickcage the Draconian Conjurer began the quest for the
                  | Orb.
     0 | D:1      | Reached XP level 1. HP: 14/14 MP: 3/3
   451 | D:1      | Reached XP level 2. HP: 20/20 MP: 5/5
  1043 | D:1      | Frozen to death by an endoplasm

Illustrated notes

Levels and vault maps discovered:
D:1:      matt_arrival_los_fun, layout_basic
D:2:      minmay_alternating_diamond, layout_basic, serial_bayou,
          serial_bayou_pond_a, serial_bayou_pond_e, serial_bayou_pond_b,
          serial_bayou_crossing, serial_bayou_pond_c, serial_bayou_lagoon_a,
          basic_ecumenical_altar

Action                   || total
-------------------------++-------
 Cast: Magic Dart        ||    30
Armor: Skin              ||    14
Dodge: Dodged            ||    20
